 Dungeon Crawl Stone Soup version 0.24-a0-194-g9bee6eb (webtiles) character file.

Game seed: 17440674859201974822

18 Lanoc the Ducker (level 2, 0/23 HPs)
             Began as a Demonspawn Gladiator on Mar 19, 2019.
             Slain by a jackal (2 damage)
             ... on level 1 of the Dungeon.
             The game lasted 00:00:45 (339 turns).

Lanoc the Ducker (Demonspawn Gladiator)              Turns: 339, Time: 00:00:46

Health: 0/23       AC:  4    Str: 14    XL:     2   Next: 51%
Magic:  2/2        EV: 13    Int:  9    God:
Gold:   18         SH:  0    Dex: 14    Spells: 1/1 levels left

rFire    . . .     SeeInvis .   a - +0 war axe
rCold    . . .     Gourm    .   (no shield)
rNeg     . . .     Faith    .   b - +0 leather armour
rPois    .         Spirit   .   c - +0 helmet
rElec    .         Reflect  .   (no cloak)
rCorr    .         Harm     .   (no gloves)
MR       .....                  (no boots)
Stlth    ++........             (no amulet)
HPRegen  0.07/turn              (no ring)
MPRegen  0.08/turn              (no ring)

@: no status effects
A: nightstalker 1
a: no special abilities


You were on level 1 of the Dungeon.
You were not hungry.

You visited 1 branch of the dungeon, and saw 1 of its levels.

You collected 18 gold pieces.

Inventory:

Hand Weapons
 a - a +0 war axe (weapon)
Missiles
 d - 3 throwing nets (quivered)
Armour
 b - a +0 leather armour (worn)
 c - a +0 helmet (worn)
Scrolls
 e - a scroll of remove curse {unknown}
Comestibles
 f - 2 rations


   Skills:
 + Level 2.4 Fighting
 - Level 2.6 Axes
 - Level 1.7 Throwing
 + Level 1.0 Armour
 + Level 3.0 Dodging


You had one spell level left.
You didn't know any spells.
Your spell library was empty.

Dungeon Overview and Level Annotations

Branches:
Dungeon (1/15)

Altars:


Innate Abilities, Weirdness & Mutations

You are slightly more attuned to the shadows.


Message History

Your Armour skill increases to level 1!
You miss the jackal. The jackal closely misses you. The jackal bites you.
The jackal completely misses you.
You are too injured to fight recklessly!
Unknown command.
You are too injured to fight recklessly!
You miss the kobold. You hit the jackal but do no damage.
You closely miss the jackal. The jackal barely misses you.
The jackal bites you. x2; The kobold closely misses you.
The jackal bites you but does no damage.
You hit the kobold.
The kobold is moderately wounded.
You closely miss the jackal. You hit the jackal. The jackal bites you.
* * * LOW HITPOINT WARNING * * *
The jackal bites you.
* * * LOW HITPOINT WARNING * * *
The kobold hits you.
* * * LOW HITPOINT WARNING * * *
The jackal bites you.
You die...

############
#....[.....#
#.#........#
#.#...hh)..#
#####.#(..@K...#
#.....####.†..##
+.........>.....#
#...............#
####....#####.......
#.......# #.#.....
#....########.#.....
+....'........#....#
#....#######[.# ##
#######


You could see 2 jackals and a kobold.

Vanquished Creatures
  An ooze (D:1)
  A giant cockroach (D:1)
  2 goblins (D:1)
  2 jackals (D:1)
  A kobold (D:1)
  A ball python (D:1)
  3 bats (D:1)
  3 rats (D:1)
14 creatures vanquished.

Notes
Turn   | Place    | Note
-------+----------+-------------------------------------------
     0 | D:1      | Lanoc the Demonspawn Gladiator began the quest for the Orb.
     0 | D:1      | Reached XP level 1. HP: 16/16 MP: 1/1
   202 | D:1      | Gained mutation: You are slightly more attuned to the
                  | shadows. [demonic ancestry]
   202 | D:1      | Reached XP level 2. HP: 18/22 MP: 2/2
   320 | D:1      | Reached skill level 3 in Dodging
   337 | D:1      | Reached skill level 1 in Armour
   339 | D:1      | Slain by a jackal

Levels and vault maps discovered:
D:1:      minmay_arrival_semitransparent, layout_basic

Skill      XL: |  1  2 |
---------------+-------+-----
Dodging        | 3 |  3.0
Armour         | 1 |  1.0
Fighting       | |  2.4
Axes           | |  2.6
Throwing       | |  1.7

Action                   || total
-------------------------++-------
Melee: War axe           ||    50
 Stab: Sleeping          ||     1
Armor: Leather armour    ||    28
Dodge: Dodged            ||    70

Table legend:
 A = Non-vault XP
 B = Vault XP
 C = Vault XP percentage of total XP
 D = Non-vault monster count
 E = Vault monster count
 F = Vault count percentage of total count
                 A         B        C        D         E       F
            +---------+---------+-------+---------+---------+-------
      Total |      27 |       0 |   0.0 |      14 |       0 |   0.0
            +---------+---------+-------+---------+---------+-------
        D:1 |      27 |       0 |   0.0 |      14 |       0 |   0.0
            +---------+---------+-------+---------+---------+-------
